 Dungeon Crawl Stone Soup version 0.20-a0-1034-gb277f92 (webtiles) character file.

100 Ichigo the Skirmisher (level 4, 0/55 HPs)
             Began as a Demonspawn Monk on Apr 22, 2017.
             Slain by a goblin (3 damage)
             ... led by Robin
             ... on level 2 of the Dungeon.
             The game lasted 00:02:27 (3224 turns).

Ichigo the Skirmisher (Demonspawn Monk)             Turns: 3224, Time: 00:02:28

Health: 0/55       AC: 22    Str: 17    XL:     4   Next: 46%
Magic:  4/4        EV:  2    Int: 11    God:
Gold:   141        SH:  0    Dex: 16    Spells: 3/3 levels left

rFire    . . .     SeeInvis .     - Unarmed
rCold    . . .     Gourm    .   (no shield)
rNeg     + + +     Faith    .   (armour currently unavailable)
rPois    +         Spirit   .   (helmet currently unavailable)
rElec    .         Reflect  .   (cloak currently unavailable)
rCorr    .         Harm     .   (gloves currently unavailable)
MR       .....     NoTele   +   (boots currently unavailable)
Stlth    +++.......             (no amulet)
Regen    0.2/turn               d - ring of positive energy
MPRegen  0.1/turn               m - +3 ring of evasion

@: mighty, tree-form, hasted, very quick
A: no striking features
a: no special abilities


You were on level 2 of the Dungeon.
You were not hungry.
You were a tree.
You visited 1 branch of the dungeon, and saw 2 of its levels.

You collected 141 gold pieces.

Inventory:

Armour
 a - a +0 robe (melded)
Jewellery
 d - a ring of positive energy (left branch)
 j - an uncursed ring of flight
 m - a +3 ring of evasion (right branch)
Scrolls
 e - a scroll of enchant weapon {unknown}
 h - a scroll of teleportation {unknown}
 i - 3 scrolls of identify {unknown}
 k - a scroll of immolation {unknown}
Potions
 c - a potion of lignification
 g - a potion of might
Comestibles
 b - 4 bread rations
 f - 3 meat rations
 n - a chunk of flesh
 o - a royal jelly


   Skills:
 - Level 4.0 Fighting
 - Level 3.6 Dodging
 - Level 3.6 Stealth
 + Level 3.8 Unarmed Combat


You had 3 spell levels left.
You didn't know any spells.

Dungeon Overview and Level Annotations

Branches:
Dungeon (2/15)

Altars:

Annotations:
D:2 Robin


Innate Abilities, Weirdness & Mutations

((You have sharp fingernails.))
((You are mostly covered in slimy green scales. (AC +3)))


Message History

The goblin hits you.
* * * LOW HITPOINT WARNING * * *
It was a potion of haste.
You feel yourself speed up.
The hobgoblin hits you but does no damage.
The goblin hits you but does no damage.
You barely miss the goblin.
Robin says, "My goblins will feast on your bones."
You hit the goblin.
You kill the goblin!
You barely miss the hobgoblin.
The goblin no longer looks unusually strong.
The hobgoblin no longer looks unusually strong.
Robin throws the goblin at you!
The goblin hits you but does no damage. x2
The hobgoblin hits you but does no damage.
You smack the goblin!
You kill the goblin!
You smack the hobgoblin!
You kill the hobgoblin!
The goblin hits you.
You die...

#####..........#.#.#####.#
#.#
..##...###....##.#.....#.#
#.#
..##.....#.....#.#.......#
#.# ..##...#.###.....#....
### #.#
..##.........#.###.<.#####
#.# ..##..<......#.#
#...[.... #.#
.....#.......#.# #ggw.....
#.#
#....#.......#.###g.......
#.#
#........###.#..)♣g#..####
#.# #....#.....#.#######
.# #.# #....#####.#.# ...#
# #.# #....#.....#.# .....
..### #.#
#....#)....#.#...... #...#
#.# #.(..#..............
#...# #.#
.#.........#.#.....###...#
#.#
.#####.....#.#.##........#
#.# .#
#....÷#.#.##........###.#


You could see Robin, a dart slug, 2 hobgoblins and a goblin.

Vanquished Creatures
  3 adders (D:2)
  3 oozes (D:2)
  A worm (D:2)
  A dart slug (D:1)
  4 leopard geckos (D:2)
  9 goblins
  10 hobgoblins
  A quokka (D:2)
  2 ball pythons
  5 bats
  2 frilled lizards
  6 kobolds
  2 rats
49 creatures vanquished.

Notes
Turn   | Place    | Note
-------+----------+-------------------------------------------
     0 | D:1      | Ichigo the Demonspawn Monk began the quest for the Orb.
     0 | D:1      | Reached XP level 1. HP: 19/19 MP: 1/1
   478 | D:1      | Reached skill level 1 in Unarmed Combat
   862 | D:1      | Gained mutation: You have sharp fingernails. [demonic ancestry]
   862 | D:1      | Reached XP level 2. HP: 8/25 MP: 2/2
  2244 | D:2      | Gained mutation: You are partially covered in slimy green scales. (AC +2) [demonic ancestry]
  2244 | D:2      | Reached XP level 3. HP: 25/30 MP: 3/3
  2886 | D:2      | Gained mutation: You are mostly covered in slimy green scales. (AC +3) [demonic ancestry]
  2886 | D:2      | Reached XP level 4. HP: 37/37 MP: 4/4
  3202 | D:2      | Noticed Robin
  3218 | D:2      | HP: 2/55 [goblin[Robin] (2)]
  3224 | D:2      | Slain by a goblin

Vault maps used:
D:1:      dpeg_arrival_signposts
D:2:      first_bread, uniq_robin

Skill      XL: |  1  2  3 |
---------------+----------+-----
Unarmed Combat | 1 2 3 |  3.8
Fighting       | |  4.0
Dodging        | |  3.6
Stealth        | |  3.6

Action                   |  1- 3 |  4- 6 || total
-------------------------+-------+-------++-------
Melee: Unarmed           |   165 |    42 ||   207
       Punch             |     1 |       ||     1
  Use: Potion            |       |     3 ||     3
 Stab: Sleeping          |    10 |     1 ||    11
  Eat: Chunk             |     6 |     1 ||     7
Armor: Robe              |    25 |    14 ||    39
       Skin              |       |     9 ||     9
Dodge: Dodged            |   131 |    43 ||   174
